 Dungeon Crawl Stone Soup version 0.17-a0-1887-g3e50df6 (webtiles) character file.

1306 barthelm the Slicer (level 8, -6/54 HPs)
             Began as a Kobold Berserker on Sept 23, 2015.
             Was a Priest of Trog.
             Splashed by a jelly's acid (10 damage)
             ... on level 6 of the Dungeon.
             The game lasted 00:29:12 (4035 turns).

barthelm the Slicer (Kobold Berserker)              Turns: 4035, Time: 00:29:14

Health: -6/54      AC: -2    Str: 18    XL:     8   Next: 88%
Magic:  8/8        EV: 15    Int:  5    God:    Trog [***...]
Gold:   244        SH:  0    Dex: 15    Spells: 0 memorised, 7 levels left

rFire  . . .     SeeInvis .     A - +0 short sword (holy)
rCold  . . .     Clarity  +     v - +0 leather armour
rNeg   . . .     SustAt   .     (shield restricted)
rPois  .         Gourm    .     t - +1 helmet
rElec  .         Spirit   .     (no cloak)
rCorr  .         Warding  .     (no gloves)
rMut   .         Stasis   .     (no boots)
MR     +....                    q - amulet of clarity
Stlth  +.........               y - ring of protection from magic
                                u - +1 ring of slaying

@: corroded equipment, somewhat resistant to hostile enchantments, very
unstealthy
A: carnivore 3
a: Burn Spellbooks, Berserk, Trog's Hand, Renounce Religion


You were on level 6 of the Dungeon.
You worshipped Trog.
Trog was most pleased with you.
You were very full.

You visited 2 branches of the dungeon, and saw 7 of its levels.

You collected 244 gold pieces.

Inventory:

Hand weapons
 A - a +0 short sword of holy wrath (weapon)
Missiles
 r - 6 tomahawks (quivered)
Armour
 b - a +0 animal skin
 t - a +1 helmet (worn)
 v - a +0 leather armour (worn)
Jewellery
 a - an uncursed ring of protection from fire
 i - an uncursed ring of protection from cold
 l - an uncursed amulet of regeneration
 q - an amulet of clarity (around neck)
 u - a +1 ring of slaying (left hand)
 y - a ring of protection from magic (right hand)
Magical devices
 n - a wand of fireball (10)
 E - a wand of hasting (1)
Scrolls
 d - 3 scrolls of remove curse
 k - a scroll of magic mapping
 o - a scroll of blinking
 s - a scroll of random uselessness
 w - 4 scrolls of teleportation
Potions
 e - a potion of lignification
 f - a potion of mutation
 g - a potion of agility
 h - 9 potions of curing
 m - a potion of haste {unknown}
 p - 2 potions of cure mutation
 x - a potion of cancellation {unknown}
 z - a potion of flight {unknown}
 B - a potion of poison {unknown}
 D - a potion of might
Comestibles
 c - 2 meat rations
 j - 2 beef jerkies
 C - 5 chunks of flesh
 F - a royal jelly


   Skills:
 + Level 8.3 Fighting
 + Level 10.3 Short Blades
 - Level 0.6 Throwing
 - Level 1.5 Armour
 - Level 2.4 Dodging


You had 7 spell levels left.
You didn't know any spells.

Dungeon Overview and Level Annotations

Branches:
Dungeon (6/15)             Temple (1/1) D:4

Altars:
Ashenzari
Cheibriados
Dithmenos
Elyvilon
Gozag
Nemelex Xobeh
Okawaru
Qazlal
Ru
Sif Muna
Trog
Vehumet
Xom
Yredelemnul
Zin
The Shining One


Innate Abilities, Weirdness & Mutations

You are small and have problems with some larger weapons.
You are carnivorous and can eat meat at any time.


Message History

You now have 244 gold pieces (gained 18).
A jelly comes into view.
A jelly is nearby!
You puncture the jelly!
Your hands burn!
The jelly is almost dead.
The jelly hits you.
You are splashed with acid!
The acid corrodes you!
The acid burns!
* * * LOW HITPOINT WARNING * * *
You are too injured to fight recklessly!
You feel a little less mighty now.
You hit the jelly but do no damage.
Your hands burn!
* * * LOW HITPOINT WARNING * * *
The jelly is almost dead.
You hit the jelly.
Your hands burn!
* * * LOW HITPOINT WARNING * * *
The jelly is almost dead.
The jelly hits you.
* * * LOW HITPOINT WARNING * * *
You are splashed with acid!
The acid corrodes you!
The acid burns!
You die...

#### #..) ##.#############
#)## #...........J@.#
######.## #..###########.#
..........
#########.####.#######.##
#................ .....
#.##............. .......
###.##.#.#######..######.##
#..#........... .# ###
#..#......#.###
#.........#.#


You could see a jelly.

Vanquished Creatures
  Sigmund (D:6)
  Eustachio (D:5)
  A sky beast (D:5)
  A phantom (D:6)
  An orc warrior (D:6)
  An ogre (D:4)
  2 giant frogs (D:6)
  A gnoll sergeant (D:6)
  A scorpion (D:6)
  A giant frog skeleton (D:4)
  Crazy Yiuf (D:5)
  A hound (D:4)
  An iguana (D:4)
  A jelly (D:5)
  An orc wizard (D:4)
  4 worker ants
  A hound skeleton (D:6)
  3 gnolls (D:6)
  3 adders
  3 oozes
  An adder skeleton (D:6)
  3 giant geckos
  9 orcs
  9 hobgoblins
  2 quokkas
  2 ball pythons
  5 bats
  4 giant cockroaches
  7 giant newts
  3 goblins
  7 jackals
  8 kobolds
  5 rats
95 creatures vanquished.

Notes
Turn   | Place    | Note
--------------------------------------------------------------
     0 | D:1      | barthelm the Kobold Berserker began the quest for the Orb.
     0 | D:1      | Reached XP level 1. HP: 14/14 MP: 1/1
    75 | D:1      | Reached XP level 2. HP: 5/19 MP: 2/2
   145 | D:1      | Reached XP level 3. HP: 3/24 MP: 3/3
   423 | D:1      | Acquired Trog's second power
   450 | D:1      | Reached skill level 5 in Short Blades
   594 | D:1      | You fall through a shaft!
   984 | D:2      | Reached XP level 4. HP: 21/29 MP: 4/4
  1658 | D:3      | Found an iron altar of Okawaru.
  1658 | D:3      | Found a basalt altar of Yredelemnul.
  1878 | D:4      | Reached XP level 5. HP: 17/34 MP: 5/5
  1885 | D:4      | Found a white marble altar of Elyvilon.
  1922 | D:4      | Reached skill level 5 in Fighting
  1922 | D:4      | Reached skill level 6 in Short Blades
  2014 | D:4      | Found a snail-covered altar of Cheibriados.
  2029 | D:4      | Reached XP level 6. HP: 24/40 MP: 6/6
  2121 | D:4      | Noticed an ogre
  2129 | D:4      | Killed an ogre
  2278 | D:4      | Reached skill level 7 in Short Blades
  2508 | D:4      | Found a staircase to the Ecumenical Temple.
  2512 | Temple   | Entered the Ecumenical Temple
  2699 | D:5      | Entered Level 5 of the Dungeon
  2876 | D:5      | Noticed Eustachio
  2889 | D:5      | Killed Eustachio
  2889 | D:5      | Reached XP level 7. HP: 47/47 MP: 7/7
  3038 | D:5      | Noticed Crazy Yiuf
  3054 | D:5      | Killed Crazy Yiuf
  3252 | D:5      | Reached skill level 8 in Short Blades
  3322 | D:6      | Reached XP level 8. HP: 51/53 MP: 8/8
  3461 | D:6      | Reached skill level 9 in Short Blades
  3875 | D:6      | Noticed Sigmund
  3883 | D:6      | Killed Sigmund
  3883 | D:6      | Reached skill level 10 in Short Blades
  4035 | D:6      | Splashed by a jelly's acid

Vault maps used:
D:1:      saegor_arrival_simple_b
D:2:      kennysheep_generic_room_8
D:3:      gammafunk_temple_overflow_elements
D:4:      kennysheep_mini_moat, cheibriados_altar_1, temple_hall_moat,
          first_bread
D:5:      uniq_eustachio, uniq_crazy_yiuf_cottage
D:6:      fedhas_altar_decomposition, patterned_corridor, uniq_sigmund
Temple:   water_room_temple_b_12

Action                   |  1- 3 |  4- 6 |  7- 9 || total
-------------------------+-------+-------+-------++-------
Melee: Short sword       |   134 |   106 |   163 ||   403
Throw: Tomahawk          |       |     7 |       ||     7
Invok: Berserk           |     1 |     5 |     6 ||    12
       Trog's Hand       |       |     2 |       ||     2
       Burn Spellbooks   |       |       |     1 ||     1
  Use: Scroll            |       |    13 |     5 ||    18
       Potion            |       |     2 |     1 ||     3
 Stab: Sleeping          |     3 |     2 |       ||     5
       Distracted        |     1 |       |       ||     1
  Eat: Chunk             |     9 |     4 |    18 ||    31
